 Dungeon Crawl Stone Soup version 0.31.0-9-g3a7656b989 (webtiles) character file.

Game seed: 17657600924571014094

539 Peloso the Slasher (level 7, -4/58 (61) HPs)
             Began as a Minotaur Fighter on Jan 28, 2024.
             Slain by a wight
             ... wielding a +4 short sword of freezing
              (8 damage)
             ... on level 4 of the Dungeon.
             The game lasted 00:03:55 (3010 turns).

Peloso the Slasher (Minotaur Fighter)               Turns: 3010, Time: 00:03:56

HP:   -4/58 (61)    AC: 10    Str: 20    XL:     7   Next: 5%
MP:   6/6           EV:  8    Int:  5    God:
Gold: 147           SH:  5    Dex: 12    Spells: 6/6 levels left

rFire   . . .        a - +0 long sword
rCold   . . .        d - +0 buckler
rNeg    . . .        c - +0 chain mail
rPois   .            (helmet restricted)
rElec   .            (no cloak)
rCorr   .            (no gloves)
SInv    .            (no boots)
Will    .....        (no amulet) Stlth
                     (no ring)
HPRegen 0.29/turn    (no ring)
MPRegen 0.10/turn

%: no passive effects
@: brilliant, lightly drained
A: horns 2, retaliatory headbutt
a: no special abilities


You were on level 4 of the Dungeon.
You visited 1 branch of the dungeon, and saw 4 of its levels.

You collected 147 gold pieces.

Inventory:

Hand Weapons
 a - a +0 long sword (weapon)
Missiles
 o - a throwing net (quivered)
Armour
 b - a +0 scale mail
 c - a +0 chain mail (worn)
 d - a +0 buckler (worn)
Jewellery
 n - a ring of magical power
Scrolls
 e - 3 scrolls of identify {unknown}
 f - a scroll of torment {unknown}
 h - a scroll of summoning {unknown}
 i - a scroll of immolation {unknown}
Potions
 g - a potion of might
 j - a potion of resistance {unknown}
 k - a potion of ambrosia {unknown}
 l - a potion of brilliance
 m - a potion of magic {unknown}


   Skills:
 + Level 5.0 Fighting
 + Level 6.2 Long Blades
 + Level 6.0 Armour
 + Level 1.6 Dodging
 + Level 4.4 Shields


You had 6 spell levels left.
You didn't know any spells.
Your spell library contained the following spells:

 Spells                   Type           Power      Damage    Failure   Level
 Magic Dart               Conj           0%         1d3       99%         1
 Slow                     Hex            0%         N/A       99%         1
 Blink                    Tloc           0%         N/A       100%        2
 Call Imp                 Summ           0%         N/A       100%        2
 Jinxbite                 Hex            0%         N/A       100%        2
 Confusing Touch          Hex            0%         N/A       100%        3
 Sigil of Binding         Hex            0%         N/A       100%        3
 Vampiric Draining        Necr           0%         2d6       100%        3
 Yara's Violent Unravell  Hex/Alch       0%         3d3       100%        5
 Enfeeble                 Hex            0%         N/A       100%        7


Dungeon Overview and Level Annotations

Branches:
Dungeon (4/15)
 Temple: D:4-7

Altars:
Fedhas
Kikubaaqudgha
Qazlal

Annotations:
D:3 1 runed translucent door, Crazy Yiuf


Innate Abilities, Weirdness & Mutations

You have a pair of horns on your head.
You reflexively headbutt those who attack you in melee.


Message History

You feel drained.
You hit the wight but do no damage.
The wight is heavily damaged.
The wight hits you but does no damage.
You slash the wight!
You destroy the wight!
Your Armour skill increases to level 6!
You barely miss the wight. The wight hits you but does no damage.
You slash the wight!
The wight is severely damaged.
The wight hits you with a +1 long sword!
* * * LOW HITPOINT WARNING * * *
You barely miss the wight. Your headbutt misses the wight.
The wight is severely damaged.
The wight hits you but does no damage.
You barely miss the wight.
The wight is severely damaged.
The wight closely misses you.
You closely miss the wight.
The wight is severely damaged.
The wight hits you with a +1 long sword.
* * * LOW HITPOINT WARNING * * *
You hit the wight. You headbutt the wight.
You destroy the wight!
Your Long Blades skill increases to level 6!
You have reached level 7!
You closely miss the wight. You headbutt the wight.
The wight is moderately damaged.
The wight closely misses you.
You barely miss the wight.
The wight is moderately damaged.
The wight hits you with a +4 short sword of freezing!
* * * LOW HITPOINT WARNING * * *
You feel drained. The wight freezes you.
* * * LOW HITPOINT WARNING * * *
The wight barely misses you.
It was a potion of brilliance.
You feel clever all of a sudden.
The wight hits you with a +4 short sword of freezing!
You die...

...# #.##
##.# #.# #
.# #.# # .#
#######.#
...#
........#
.....
######.†#
.#.#. #..#
.....
#..#######.#
.#.#.
#...@zz.....
.....
##.#######..
##.## #.#
#.# #.# ..#
###


You could see 2 wights.

Vanquished Creatures
  Blork the orc (D:4)
  A scorpion (D:4)
  2 wights (D:4)
  2 hounds (D:4)
  An orc priest (D:3)
  Jessica (D:2)
  Terence (D:2)
  An orc wizard (D:3)
  Natasha (twice) (D:4)
  2 adders (D:2)
  A ribbon worm (D:2)
  A dart slug (D:1)
  10 orcs
  8 ball pythons
  4 endoplasms
  9 goblins
  7 hobgoblins
  2 quokkas (D:2)
  6 bats
  2 frilled lizards
  8 kobolds
  4 rats
76 creatures vanquished.

Notes
Turn   | Place    | Note
-------+----------+-------------------------------------------
     0 | D:1      | Peloso the Minotaur Fighter began the quest for the Orb.
     0 | D:1      | Reached XP level 1. HP: 19/19 MP: 0/0
   122 | D:1      | Reached XP level 2. HP: 24/27 MP: 1/1
   526 | D:2      | Noticed Terence
   544 | D:2      | Killed Terence
   545 | D:2      | Reached XP level 3. HP: 3/33 MP: 2/2
  1025 | D:2      | Reached XP level 4. HP: 26/40 MP: 3/3
  1226 | D:2      | Noticed Jessica
  1235 | D:2      | Killed Jessica
  1236 | D:2      | Reached skill level 1 in Dodging
  1466 | D:2      | Found a faded altar of an unknown god.
  1599 | D:3      | Reached XP level 5. HP: 42/47 MP: 4/4
  1828 | D:3      | Found a runed translucent door.
  1829 | D:3      | Noticed Crazy Yiuf
  2318 | D:4      | Noticed Natasha
  2326 | D:4      | Killed Natasha
  2332 | D:4      | Reached skill level 5 in Long Blades
  2381 | D:4      | Found an ancient bone altar of Kikubaaqudgha.
  2383 | D:4      | Found a blossoming altar of Fedhas.
  2424 | D:4      | Noticed Natasha
  2428 | D:4      | Killed Natasha
  2429 | D:4      | Reached skill level 5 in Armour
  2429 | D:4      | Reached XP level 6. HP: 44/55 MP: 5/5
  2506 | D:4      | Found a stormy altar of Qazlal.
  2689 | D:4      | Noticed Blork the orc
  2705 | D:4      | Killed Blork the orc
  2706 | D:4      | Reached skill level 5 in Fighting
  3008 | D:4      | Reached XP level 7. HP: 11/59 MP: 6/6
  3010 | D:4      | Slain by a wight

Illustrated notes

Levels and vault maps discovered:
D:1:      saegor_arrival_simple_a, layout_rooms
D:2:      layout_basic, nicolae_ecumenical_oubliette, uniq_terence, uniq_jessica
D:3:      layout_rooms, serial_forest, infiniplex_forest_clump_diagonal,
          infiniplex_forest_clump_large, infiniplex_forest_end_1,
          infiniplex_forest_lined_2, infiniplex_forest_lined_2,
          infiniplex_forest_3_way, infiniplex_forest_straight_1,
          infiniplex_forest_split, infiniplex_forest_lined_2,
          infiniplex_forest_clump_medium, uniq_crazy_yiuf_cottage
D:4:      layout_loops_ring, mainiacjoe_overflow_alcove_4,
          grunt_temple_overflow_growth_and_decay, uniq_blork_the_orc,
          uniq_edmund, uniq_natasha

Skill      XL: |  1  2  3  4  5  6 |
---------------+-------------------+-----
Armour         | 4 5 6 |  6.0
Fighting       | 4 5 |  5.0
Long Blades    | 3 4 5 6 |  6.2
Shields        | 4 |  4.4
Dodging        | 1 |  1.6

Action                     |  1- 3 |  4- 6 |  7- 9 || total
---------------------------+-------+-------+-------++-------
  Melee: Long sword        |    62 |   132 |     2 ||   196
         Headbutt          |    15 |    20 |     1 ||    36
    Use: Potion            |     3 |     1 |     1 ||     5
 Armour: Scale mail        |    43 |    71 |       ||   114
         Chain mail        |       |    19 |     2 ||    21
  Dodge: Dodged            |    32 |    59 |     2 ||    93
  Block: Buckler           |     8 |    35 |       ||    43
